 Dungeon Crawl Stone Soup version 0.30-a0-371-gad7725a93e (webtiles) character file.

Game seed: 6285783308920613944

1785 NinjaNoafa the Cleaver (level 8, 0/64 HPs)
             Began as a Minotaur Fighter on Nov 22, 2022.
             Slain by Erica
             ... wielding a +3 scimitar of flaming
              (14 damage)
             ... on level 8 of the Dungeon.
             The game lasted 00:08:17 (6656 turns).

NinjaNoafa the Cleaver (Minotaur Fighter)           Turns: 6656, Time: 00:08:17

Health: 0/64       AC: 12    Str: 24    XL:     8   Next: 81%
Magic:  7/7        EV:  7    Int:  5    God:
Gold:   364        SH:  4    Dex:  9    Spells: 7/7 levels left

rFire   . . .      SeeInvis .    B - +0 war axe (flame)
rCold   + + .      Faith    .    c - +0 buckler
rNeg    . . .      Spirit   .    r - +0 chain mail
rPois   .          Reflect  .    (helmet restricted)
rElec   .          Harm     +    F - scarf {harm}
rCorr   .          Rampage  .    I - +2 pair of gloves
Will    .....                    (no boots)
Stlth   ..........               (no amulet)
HPRegen 0.30/turn                D - ring of protection from cold
MPRegen 0.10/turn                G - ring of protection from cold

@: mighty, flying
A: horns 2, retaliatory headbutt
a: no special abilities


You were on level 8 of the Dungeon.
You visited 2 branches of the dungeon, and saw 9 of its levels.

You collected 364 gold pieces.

Inventory:

Hand Weapons
 B - a +0 war axe of flaming (weapon)
Missiles
 f - 17 poisoned darts
 i - 53 stones
 j - a throwing net
 u - 6 curare-tipped darts
 z - 6 boomerangs (quivered)
Armour
 c - a +0 buckler (worn)
 r - a +0 chain mail (worn)
 F - a scarf of harm (worn)
 I - a +2 pair of gloves (worn)
Jewellery
 D - a ring of protection from cold (left hand)
 G - a ring of protection from cold (right hand)
Wands
 e - a wand of polymorph (5)
 H - a wand of flame (10)
 J - a wand of iceblast (4)
Scrolls
 b - a scroll of amnesia {unknown}
 g - 4 scrolls of teleportation
 k - a scroll of vulnerability {unknown}
 l - a scroll of noise {unknown}
 n - 2 scrolls of enchant armour {unknown}
 p - 4 scrolls of blinking {unknown}
 v - a scroll of fear {unknown}
 w - 2 scrolls of summoning {unknown}
 A - a scroll of silence
 C - a scroll of magic mapping {unknown}
 E - a scroll of acquirement {unknown}
Potions
 h - 3 potions of haste
 m - 2 potions of magic
 o - a potion of resistance
 q - 2 potions of brilliance
 t - a potion of curing
 x - a potion of mutation
Miscellaneous
 y - a condenser vane (inert)


   Skills:
 - Level 3.6 Fighting
 + Level 13.6 Axes
 - Level 3.6 Armour
 - Level 3.6 Shields


You had 7 spell levels left.
You didn't know any spells.
Your spell library contained the following spells:

 Spells                   Type           Power      Damage    Failure   Level
 Sting                    Tmut/Pois      0%         1d3       99%         1
 Poisonous Vapours        Pois/Air       0%         N/A       100%        2
 Call Canine Familiar     Summ           0%         N/A       100%        3
 Portal Projectile        Hex/Tloc       0%         N/A       100%        3
 Leda's Liquefaction      Hex/Erth       0%         N/A       100%        4
 Olgreb's Toxic Radiance  Pois           0%         N/A       100%        4
 Lee's Rapid Deconstruct  Erth           0%         3d4*      100%        5
 Conjure Ball Lightning   Conj/Air       0%         3x3d6     100%        6
 Statue Form              Tmut/Erth      0%         N/A       100%        6
 Discord                  Hex            0%         N/A       100%        8
 Disjunction              Tloc           0%         N/A       100%        8


Dungeon Overview and Level Annotations

Branches:
Dungeon (8/15)             Temple (1/1) D:4
   Lair: D:8-11

Altars:
Ashenzari
Cheibriados
Elyvilon
Fedhas
Hepliaklqana
Kikubaaqudgha
Makhleb
Nemelex Xobeh
Okawaru
Qazlal
Ru
Sif Muna
Trog
Uskayaw
Vehumet
Wu Jian
Xom
Yredelemnul
Zin
The Shining One

Shops:
D:3 (

Annotations:
D:8 Erica


Innate Abilities, Weirdness & Mutations

You have a pair of horns on your head.
You reflexively headbutt those who attack you in melee.


Message History

Aim: Erica, wielding a +3 scimitar of flaming and wearing a +0 robe (lightly wounded, 64% to hit)
The puff of flame hits Erica.
Erica is lightly wounded.
The bullfrog misses you. Erica hits you but does no damage.
The bullfrog closely misses you.
Aiming: Throw Flame
Press: ? - help, Shift-Dir - straight line, f/p - Erica
Aim: Erica, wielding a +3 scimitar of flaming and wearing a +0 robe (lightly wounded, 64% to hit)
The puff of flame misses Erica.
Erica points at you and mumbles some strange words.
The lance of force hits you!
* * * LOW HITPOINT WARNING * * *
You are knocked back by the lance of force.
You collide with the bullfrog!
The bullfrog dies!
* * * LOW HITPOINT WARNING * * *
Unknown command.
You feel much better.
Erica hits you with a +3 scimitar of flaming!
* * * LOW HITPOINT WARNING * * *
Erica burns you.
* * * LOW HITPOINT WARNING * * *
You feel much better.
Erica hits you with a +3 scimitar of flaming.
Erica burns you.
* * * LOW HITPOINT WARNING * * *
You feel very buoyant.
You fly up into the air.
Erica hits you with a +3 scimitar of flaming!
* * * LOW HITPOINT WARNING * * *
Erica burns you.
* * * LOW HITPOINT WARNING * * *
Okay, then.
You feel better. Erica hits you but does no damage.
You feel very mighty all of a sudden.
Erica casts a spell.
Erica flickers and vanishes!
Deactivating autopickup; reactivate with Ctrl-A.
You miss something. Something hits you!
You die...

### #..
## #..#
#.#
#...###.#
#.@#.#
#.<{#
##†## #.#
..# ...#
.....
......
.##...#


There were no monsters in sight!

Vanquished Creatures
  2 wyverns (D:7)
  Menkaure (D:6)
  3 ice beasts
  A sky beast (D:6)
  A phantom (D:5)
  A kobold brigand (D:7)
  3 necrophages
  2 bullfrogs
  2 scorpions
  A howler monkey (D:5)
  2 jellies
  A gnoll bouda (D:7)
  An orc wizard (D:7)
  4 gnolls (D:7)
  8 adders
  4 shadow imps
  2 ufetubi
  2 dart slugs (D:4)
  A worm (D:2)
  9 orcs
  10 endoplasms
  5 giant cockroaches
  5 goblins
  3 hobgoblins
  5 jackals
  3 quokkas
  7 ball pythons
  4 bats
  3 frilled lizards
  12 kobolds
  10 rats
118 creatures vanquished.

Vanquished Creatures (others)
  A bullfrog (D:8)
1 creature vanquished.

Grand Total: 119 creatures vanquished

Notes
Turn   | Place    | Note
-------+----------+-------------------------------------------
     0 | D:1      | NinjaNoafa the Minotaur Fighter began the quest for the
                  | Orb.
     0 | D:1      | Reached XP level 1. HP: 19/19 MP: 0/0
   123 | D:1      | Reached skill level 3 in Axes
   206 | D:1      | Reached XP level 2. HP: 25/26 MP: 1/1
   460 | D:1      | Reached skill level 4 in Axes
   860 | D:2      | Identified the +1 leather armour of Birdsong {Harm *Slow
                  | rPois Dex-3}
   885 | D:2      | Reached XP level 3. HP: 10/31 MP: 2/2
  1264 | D:2      | Reached skill level 5 in Axes
  1300 | D:2      | Reached XP level 4. HP: 35/39 MP: 3/3
  1530 | D:3      | Found Feimor's Weapon Boutique.
  2080 | D:4      | Noticed a necrophage
  2086 | D:4      | Killed a necrophage
  2087 | D:4      | Reached skill level 6 in Axes
  2087 | D:4      | Reached XP level 5. HP: 42/45 MP: 4/4
  2617 | D:4      | Reached skill level 7 in Axes
  2791 | D:4      | Found a staircase to the Ecumenical Temple.
  2861 | Temple   | Entered the Ecumenical Temple
  3400 | D:5      | Entered Level 5 of the Dungeon
  3442 | D:5      | Noticed an ice beast
  3460 | D:5      | Killed an ice beast
  3461 | D:5      | Reached skill level 8 in Axes
  3461 | D:5      | Reached XP level 6. HP: 30/51 MP: 5/5
  3906 | D:5      | Reached skill level 9 in Axes
  3972 | D:5      | Reached XP level 7. HP: 46/57 MP: 6/6
  4821 | D:6      | Reached skill level 10 in Axes
  5107 | D:6      | Noticed Menkaure
  5108 | D:6      | Killed Menkaure
  5452 | D:7      | Reached skill level 11 in Axes
  5511 | D:7      | Reached XP level 8. HP: 59/64 MP: 7/7
  5646 | D:7      | Reached skill level 12 in Axes
  6089 | D:7      | Reached skill level 13 in Axes
  6213 | D:7      | Noticed Maggie
  6219 | D:7      | Maggie changed into Maggie the scorpion
  6219 | D:7      | Noticed Maggie
  6375 | D:7      | Killed Maggie the scorpion
  6643 | D:8      | Noticed Erica
  6649 | D:8      | HP: 1/64 [bullfrog collision (13)]
  6656 | D:8      | Slain by Erica

Illustrated notes

Levels and vault maps discovered:
D:1:      psy_arrival_whirlpool, layout_loops_corners
D:2:      layout_rooms, hangedman_decor_growths
D:3:      layout_basic, serial_shops, nicolae_shop_bloodbath_and_beyond,
          dk_noncrumbling_3
D:4:      layout_basic, minmay_temple_entry_enclosed_plants, kennysheep_donut,
          kennysheep_opposing_triangles
D:5:      cheibrodos_helix_gallery, layout_basic
D:6:      dreamdust_elfheim, layout_loops_ring, uniq_menkaure
D:7:      layout_basic, uniq_maggie
D:8:      layout_loops_corners, dreamdust_mushroom_princess, uniq_erica,
          uniq_gastronok
Temple:   nicolae_temple_slightly_damp_pantheon

Skill      XL: |  1  2  3  4  5  6  7  8 |
---------------+-------------------------+-----
Axes           | 3 4 5 6 8 9 11 13 | 13.6
Fighting       | |  3.6
Armour         | |  3.6
Shields        | |  3.6

Action                   |  1- 3 |  4- 6 |  7- 9 || total
-------------------------+-------+-------+-------++-------
Melee: War axe           |    89 |   125 |    94 ||   308
       Headbutt          |     9 |    11 |    13 ||    33
Throw: Boomerang         |       |       |    11 ||    11
Evoke: Condenser vane    |       |       |     1 ||     1
       Wand              |       |       |     3 ||     3
  Use: Scroll            |       |       |    11 ||    11
       Potion            |       |       |     7 ||     7
Armor: Scale mail        |    40 |       |       ||    40
       Chain mail        |     9 |    70 |    46 ||   125
Dodge: Dodged            |    38 |    39 |    33 ||   110
Block: Buckler           |    21 |    31 |    13 ||    65

Table legend: (Time is in decaauts)
 A = Elapsed time spent in this place.
 B = Non-inter-level travel time spent in this place.
 C = Inter-level travel time spent in this place.
 D = Time resting spent in this place.
 E = Time spent auto-exploring this place.
 F = Levels seen in this place.
 G = Mean time per level.
                   A        B        C        D        E       F      G
               +--------+--------+--------+--------+--------+-----+--------+
         Total |   6713 |   6446 |    267 |      0 |   5489 |   9 |  745.9 |
       Dungeon |   6527 |   6279 |    248 |      0 |   5345 |   8 |  815.9 |
        Temple |    185 |    166 |     19 |      0 |    144 |   1 |  185.0 |
               +--------+--------+--------+--------+--------+-----+--------+

Top non-repeatable levels by time:
     D:7: 1245 daAuts
     D:4: 1143 daAuts
     D:5: 1125 daAuts
     D:6: 880 daAuts
     D:1: 861 daAuts
     D:3: 634 daAuts
     D:2: 624 daAuts
  Temple: 185 daAuts
     D:8: 12 daAuts
